[ PARTIDA AOE2 · #469052578 ]
UnrankedTurcos vs Vietnamese
[ ANÁLISIS DE REPETICIÓN · EXTRAÍDO DE LA PARTIDA GRABADA ]
Feudal
11:45
Castillos
16:14
Imperial
31:02
| APM promedio | 51.2 |
| APM pico | 86 |
| eAPM promedio | 25.6 |
| Aldeanos / militares | 134 / 79 |
Foco
⚔️ 26.0% · 🌾 74.0%
Cavalry Archer ×73 · Fishing Ship ×24 · Trade Cart ×4 · Monk ×2 · Bombard Cannon ×2 · Mangonel ×1
Feudal
8:53
Castillos
20:12
Imperial
28:35
| APM promedio | 16.8 |
| APM pico | 84 |
| eAPM promedio | 9.2 |
| Aldeanos / militares | 73 / 13 |
Foco
⚔️ 20.3% · 🌾 79.7%
Archer ×8 · Fishing Ship ×7 · Militia ×5
Feudal
10:22
Castillos
17:15
Imperial
34:44
| APM promedio | 27.8 |
| APM pico | 60 |
| eAPM promedio | 18.2 |
| Aldeanos / militares | 117 / 84 |
Foco
⚔️ 30.2% · 🌾 69.8%
Rattan Archer ×69 · Bombard Cannon ×9 · Trebuchet (Packed) ×3 · Monk ×2 · Mangonel ×1
Feudal
11:10
Castillos
17:11
Imperial
27:32
| APM promedio | 32.2 |
| APM pico | 73 |
| eAPM promedio | 22.3 |
| Aldeanos / militares | 144 / 312 |
Foco
⚔️ 29.6% · 🌾 70.4%
Battle Elephant ×282 · Fishing Ship ×16 · Bombard Cannon ×13 · Karambit Warrior ×11 · Trebuchet (Packed) ×3 · Monk ×2
Feudal
10:34
Castillos
13:15
Imperial
27:12
| APM promedio | 29.7 |
| APM pico | 77 |
| eAPM promedio | 19.0 |
| Aldeanos / militares | 150 / 211 |
Foco
⚔️ 28.5% · 🌾 71.5%
Battle Elephant ×164 · Scout Cavalry ×42 · Knight ×4 · Monk ×1
Feudal
11:34
Castillos
14:59
Imperial
39:43
| APM promedio | 40.4 |
| APM pico | 100 |
| eAPM promedio | 22.1 |
| Aldeanos / militares | 139 / 72 |
Foco
⚔️ 21.1% · 🌾 78.9%
Camel Scout ×33 · Knight ×16 · Monk ×14 · Trade Cart ×7 · Scorpion ×5 · Battering Ram ×4
Feudal
11:17
Castillos
14:47
Imperial
29:28
| APM promedio | 41.5 |
| APM pico | 94 |
| eAPM promedio | 26.3 |
| Aldeanos / militares | 129 / 254 |
Foco
⚔️ 40.1% · 🌾 59.9%
Spearman ×211 · Mangonel ×26 · Fishing Ship ×26 · Battering Ram ×9 · Trebuchet (Packed) ×5 · Transport Ship ×2
Feudal
12:19
Castillos
15:36
Imperial
28:10
| APM promedio | 33.2 |
| APM pico | 79 |
| eAPM promedio | 25.6 |
| Aldeanos / militares | 177 / 189 |
Foco
⚔️ 27.8% · 🌾 72.2%
Spearman ×108 · Camel Scout ×48 · Hand Cannoneer ×21 · Fishing Ship ×7 · Cavalry Archer ×7 · Knight ×5
Mapa de la partida
Recursos iniciales + cada clic de construcción. Líneas = muros · curvas = relieve. ◆ oro · ⬟ piedra · ● bayas · ✦ reliquia · ◌ hueco del cierre
Tu base· Abierta — el rival se encerró
Base de Long John Silver· Abierta — el rival se encerró
Base de kerwin· ✓ Cerrada en 17:15 · 75t muro · sin puerta
Base de mitrokhin· Abierta — el rival se encerró
Base de RVN_EcoTyrant· ✓ Cerrada en 13:15 · 0t muro · sin puerta
Base de chengaopeng044· ✓ Cerrada en 14:59 · 13t muro · sin puerta
Base de Issue· Abierta — el rival se encerró
Base de Cambo· ✓ Cerrada en 15:36 · 0t muro · sin puerta
Terreno inicial suavizado · ◌ = hueco del cierre detectado · pasá el cursor para detalles
Inputs por minuto
— wxj9966 - - Long John Silver
Build order — wxj9966
Primeras 150 de 425 acciones detectadas
| 0:01 | Crear | Villager (Male) |
| 0:01 | Crear | Villager (Male) |
| 0:01 | Crear | Villager (Male) |
| 0:01 | Crear | Villager (Male) |
| 0:02 | Construir | House |
| 0:03 | Construir | House |
| 0:37 | Investigar | Loom |
| 0:51 | Crear | Villager (Male) |
| 0:52 | Crear | Villager (Male) |
| 1:52 | Crear | Villager (Male) |
| 2:21 | Crear | Villager (Male) |
| 2:47 | Crear | Villager (Male) |
| 3:17 | Crear | Villager (Male) |
| 3:34 | Construir | House |
| 3:43 | Construir | Palisade Wall |
| 3:55 | Crear | Villager (Male) |
| 4:22 | Construir | Lumber Camp |
| 4:29 | Crear | Villager (Male) |
| 4:56 | Crear | Villager (Male) |
| 5:21 | Crear | Villager (Male) |
| 5:23 | Crear | Villager (Male) |
| 5:39 | Crear | Villager (Male) |
| 6:06 | Crear | Villager (Male) |
| 6:30 | Crear | Villager (Male) |
| 6:41 | Construir | House |
| 7:01 | Crear | Villager (Male) |
| 7:05 | Construir | Lumber Camp |
| 7:55 | Crear | Villager (Male) |
| 7:55 | Crear | Villager (Male) |
| 8:00 | Construir | House |
| 8:31 | Construir | Dock |
| 8:43 | Crear | Villager (Male) |
| 8:50 | Crear | Villager (Male) |
| 9:09 | Crear | Fishing Ship |
| 9:26 | Investigar | Feudal Age |
| 9:52 | Construir | Mining Camp |
| 9:54 | Crear | Fishing Ship |
| 10:48 | Construir | Mill |
| 11:07 | Crear | Villager (Male) |
| 11:08 | Crear | Villager (Male) |
| 11:45 | Edad | Edad Feudal |
| 12:04 | Construir | Blacksmith |
| 12:09 | Construir | Stone Wall |
| 12:32 | Crear | Villager (Male) |
| 12:39 | Crear | Fishing Ship |
| 12:43 | Construir | House |
| 12:51 | Investigar | Town Watch |
| 12:55 | Construir | Market |
| 13:16 | Crear | Fishing Ship |
| 13:34 | Investigar | Castle Age |
| 13:56 | Construir | Outpost |
| 14:41 | Construir | Stone Wall |
| 14:46 | Construir | Mining Camp |
| 14:49 | Investigar | Tech 906 |
| 14:57 | Investigar | Horse Collar |
| 15:01 | Investigar | Double-Bit Axe |
| 15:07 | Investigar | Horse Collar |
| 15:45 | Construir | Fish Trap |
| 15:54 | Crear | Villager (Male) |
| 16:14 | Edad | Edad de los Castillos |
| 16:15 | Construir | Town Center |
| 16:30 | Construir | Monastery |
| 16:34 | Crear | Villager (Male) |
| 16:56 | Crear | Villager (Male) |
| 17:09 | Construir | Fish Trap |
| 17:19 | Crear | Villager (Male) |
| 17:20 | Crear | Monk |
| 17:25 | Crear | Villager (Male) |
| 17:37 | Construir | Stone Wall |
| 17:41 | Crear | Villager (Male) |
| 17:44 | Construir | Farm |
| 17:47 | Crear | Villager (Male) |
| 17:49 | Construir | Farm |
| 18:02 | Crear | Villager (Male) |
| 18:11 | Construir | Siege Workshop |
| 18:15 | Construir | House |
| 18:24 | Investigar | Wheelbarrow |
| 18:24 | Investigar | Wheelbarrow |
| 18:34 | Crear | Monk |
| 18:42 | Crear | Villager (Male) |
| 18:46 | Construir | House |
| 19:06 | Construir | Stone Wall |
| 19:09 | Crear | Villager (Male) |
| 19:12 | Construir | Farm |
| 19:14 | Crear | Villager (Male) |
| 19:18 | Crear | Mangonel |
| 19:21 | Crear | Villager (Male) |
| 19:33 | Construir | House |
| 19:59 | Construir | Stone Wall |
| 20:00 | Crear | Villager (Male) |
| 20:11 | Crear | Villager (Male) |
| 20:15 | Investigar | Sanctity |
| 20:15 | Crear | Villager (Male) |
| 20:25 | Crear | Villager (Male) |
| 20:36 | Construir | Town Center |
| 20:43 | Crear | Villager (Male) |
| 20:54 | Construir | Farm |
| 20:54 | Construir | Farm |
| 20:55 | Construir | Farm |
| 20:56 | Crear | Villager (Male) |
| 21:16 | Crear | Villager (Male) |
| 21:19 | Construir | Farm |
| 21:22 | Construir | Farm |
| 21:34 | Crear | Villager (Male) |
| 21:50 | Crear | Villager (Male) |
| 22:04 | Crear | Villager (Male) |
| 22:14 | Crear | Villager (Male) |
| 22:14 | Crear | Villager (Male) |
| 22:22 | Construir | Fish Trap |
| 22:23 | Crear | Fishing Ship |
| 22:27 | Construir | Fish Trap |
| 22:41 | Construir | Dock |
| 22:46 | Crear | Villager (Male) |
| 22:47 | Crear | Villager (Male) |
| 22:49 | Crear | Villager (Male) |
| 22:56 | Construir | House |
| 23:12 | Construir | Fish Trap |
| 23:14 | Crear | Fishing Ship |
| 23:15 | Crear | Villager (Male) |
| 23:20 | Construir | Outpost |
| 23:25 | Crear | Villager (Male) |
| 23:28 | Crear | Villager (Male) |
| 23:31 | Construir | Farm |
| 23:31 | Construir | Farm |
| 23:31 | Construir | Farm |
| 23:31 | Construir | Farm |
| 23:34 | Construir | Farm |
| 23:35 | Crear | Villager (Male) |
| 23:37 | Crear | Fishing Ship |
| 23:45 | Construir | House |
| 23:51 | Investigar | Hand Cart |
| 23:57 | Crear | Villager (Male) |
| 24:02 | Construir | Fish Trap |
| 24:17 | Construir | House |
| 24:18 | Crear | Villager (Male) |
| 24:34 | Construir | Fish Trap |
| 24:35 | Crear | Fishing Ship |
| 24:35 | Crear | Fishing Ship |
| 24:37 | Crear | Villager (Male) |
| 24:37 | Crear | Villager (Male) |
| 24:46 | Construir | House |
| 24:48 | Construir | House |
| 24:50 | Construir | House |
| 24:56 | Crear | Villager (Male) |
| 25:04 | Crear | Villager (Male) |
| 25:08 | Investigar | Gillnets |
| 25:15 | Crear | Villager (Male) |
| 25:20 | Construir | Fish Trap |
| 25:23 | Crear | Villager (Male) |
| 25:26 | Construir | Fish Trap |
Build order — Long John Silver
Primeras 150 de 176 acciones detectadas
| 0:01 | Crear | Villager (Male) |
| 0:01 | Crear | Villager (Male) |
| 0:01 | Crear | Villager (Male) |
| 0:02 | Construir | House |
| 0:04 | Construir | House |
| 0:17 | Crear | Villager (Male) |
| 0:17 | Crear | Villager (Male) |
| 1:34 | Crear | Villager (Male) |
| 2:05 | Construir | Lumber Camp |
| 2:13 | Crear | Villager (Male) |
| 2:13 | Crear | Villager (Male) |
| 2:18 | Crear | Villager (Male) |
| 2:18 | Crear | Villager (Male) |
| 2:49 | Crear | Villager (Male) |
| 3:01 | Crear | Villager (Male) |
| 3:09 | Crear | Villager (Male) |
| 3:56 | Crear | Villager (Male) |
| 3:57 | Construir | House |
| 4:17 | Crear | Villager (Male) |
| 4:50 | Crear | Villager (Male) |
| 4:51 | Crear | Villager (Male) |
| 4:51 | Crear | Villager (Male) |
| 5:14 | Crear | Villager (Male) |
| 5:32 | Construir | Barracks |
| 5:40 | Crear | Villager (Male) |
| 6:11 | Construir | House |
| 6:22 | Investigar | Loom |
| 6:41 | Investigar | Feudal Age |
| 6:41 | Investigar | Feudal Age |
| 7:14 | Crear | Militia |
| 7:14 | Crear | Militia |
| 7:15 | Crear | Militia |
| 7:22 | Construir | Mining Camp |
| 8:03 | Construir | House |
| 8:06 | Crear | Militia |
| 8:06 | Crear | Militia |
| 8:10 | Crear | Villager (Male) |
| 8:53 | Edad | Edad Feudal |
| 8:55 | Construir | Archery Range |
| 9:06 | Crear | Villager (Male) |
| 9:24 | Crear | Villager (Male) |
| 9:48 | Crear | Archer |
| 9:53 | Crear | Villager (Male) |
| 10:02 | Construir | Mill |
| 10:03 | Crear | Villager (Male) |
| 10:11 | Investigar | Man-at-Arms (upgrade) |
| 10:11 | Investigar | Man-at-Arms (upgrade) |
| 10:16 | Crear | Archer |
| 10:32 | Crear | Villager (Male) |
| 10:36 | Construir | House |
| 10:37 | Construir | House |
| 10:55 | Crear | Villager (Male) |
| 11:18 | Crear | Archer |
| 11:26 | Crear | Archer |
| 11:26 | Crear | Villager (Male) |
| 11:36 | Construir | Dock |
| 11:55 | Crear | Archer |
| 11:56 | Crear | Villager (Male) |
| 12:00 | Crear | Villager (Male) |
| 12:03 | Construir | Market |
| 12:20 | Construir | House |
| 12:21 | Construir | House |
| 12:24 | Crear | Fishing Ship |
| 12:35 | Crear | Archer |
| 12:37 | Crear | Villager (Male) |
| 13:02 | Crear | Archer |
| 13:02 | Crear | Villager (Male) |
| 13:13 | Construir | Blacksmith |
| 13:25 | Crear | Villager (Male) |
| 13:35 | Crear | Fishing Ship |
| 13:58 | Crear | Archer |
| 13:58 | Crear | Villager (Male) |
| 14:05 | Construir | Farm |
| 14:07 | Investigar | Double-Bit Axe |
| 14:08 | Investigar | Double-Bit Axe |
| 14:30 | Crear | Villager (Male) |
| 14:36 | Construir | Farm |
| 14:38 | Construir | Farm |
| 15:06 | Crear | Villager (Male) |
| 15:10 | Construir | Farm |
| 15:25 | Construir | Mining Camp |
| 15:33 | Crear | Villager (Male) |
| 15:40 | Construir | House |
| 15:40 | Construir | House |
| 15:48 | Crear | Fishing Ship |
| 16:05 | Crear | Villager (Male) |
| 16:37 | Crear | Villager (Male) |
| 16:38 | Crear | Fishing Ship |
| 16:41 | Crear | Fishing Ship |
| 16:43 | Investigar | Tech 906 |
| 17:07 | Crear | Villager (Male) |
| 17:28 | Investigar | Castle Age |
| 17:28 | Investigar | Castle Age |
| 18:00 | Investigar | Gold Mining |
| 18:00 | Investigar | Stone Mining |
| 18:05 | Crear | Fishing Ship |
| 18:08 | Construir | Fish Trap |
| 18:15 | Construir | Fish Trap |
| 18:49 | Construir | Fish Trap |
| 18:54 | Investigar | Fletching |
| 18:54 | Investigar | Fletching |
| 19:19 | Crear | Villager (Male) |
| 19:19 | Crear | Villager (Male) |
| 19:22 | Construir | Farm |
| 19:22 | Construir | Farm |
| 19:22 | Construir | Farm |
| 19:22 | Construir | Farm |
| 19:30 | Investigar | Horse Collar |
| 19:30 | Investigar | Horse Collar |
| 19:48 | Crear | Villager (Male) |
| 19:54 | Crear | Villager (Male) |
| 20:12 | Edad | Edad de los Castillos |
| 20:22 | Construir | Castle |
| 20:24 | Construir | Mining Camp |
| 20:27 | Crear | Villager (Male) |
| 20:30 | Crear | Fishing Ship |
| 20:33 | Construir | Fish Trap |
| 20:38 | Investigar | Tech 906 |
| 20:53 | Construir | Town Center |
| 20:59 | Investigar | Town Watch |
| 21:01 | Crear | Villager (Male) |
| 21:23 | Construir | House |
| 21:24 | Construir | House |
| 21:24 | Construir | House |
| 21:24 | Construir | House |
| 21:29 | Crear | Villager (Male) |
| 21:29 | Crear | Villager (Male) |
| 21:36 | Construir | Farm |
| 21:50 | Construir | Farm |
| 21:52 | Crear | Villager (Male) |
| 22:06 | Construir | Farm |
| 22:09 | Crear | Villager (Male) |
| 22:19 | Crear | Villager (Male) |
| 22:28 | Crear | Villager (Male) |
| 22:28 | Crear | Villager (Male) |
| 22:50 | Construir | Farm |
| 22:54 | Construir | Farm |
| 22:55 | Crear | Villager (Male) |
| 22:58 | Crear | Villager (Male) |
| 22:58 | Crear | Villager (Male) |
| 23:20 | Construir | Siege Workshop |
| 23:22 | Crear | Villager (Male) |
| 23:30 | Crear | Villager (Male) |
| 23:35 | Crear | Villager (Male) |
| 23:39 | Construir | Farm |
| 23:42 | Construir | Farm |
| 23:43 | Crear | Villager (Male) |
| 24:00 | Construir | Fish Trap |
| 24:14 | Crear | Villager (Male) |
| 24:21 | Construir | Fish Trap |
Build order — kerwin
Primeras 150 de 363 acciones detectadas
| 0:01 | Crear | Villager (Male) |
| 0:02 | Construir | House |
| 0:03 | Construir | House |
| 0:05 | Crear | Villager (Male) |
| 0:05 | Crear | Villager (Male) |
| 0:06 | Crear | Villager (Male) |
| 0:59 | Investigar | Loom |
| 0:59 | Crear | Villager (Male) |
| 0:59 | Crear | Villager (Male) |
| 1:29 | Construir | Palisade Wall |
| 1:49 | Crear | Villager (Male) |
| 1:53 | Construir | Palisade Wall |
| 2:13 | Crear | Villager (Male) |
| 2:44 | Construir | Palisade Wall |
| 2:46 | Construir | Palisade Wall |
| 2:51 | Construir | House |
| 2:54 | Crear | Villager (Male) |
| 3:15 | Crear | Villager (Male) |
| 3:25 | Crear | Villager (Male) |
| 3:25 | Crear | Villager (Male) |
| 4:00 | Crear | Villager (Male) |
| 4:00 | Crear | Villager (Male) |
| 4:28 | Construir | Lumber Camp |
| 4:44 | Crear | Villager (Male) |
| 4:44 | Crear | Villager (Male) |
| 5:06 | Crear | Villager (Male) |
| 5:06 | Crear | Villager (Male) |
| 5:20 | Crear | Villager (Male) |
| 5:21 | Crear | Villager (Male) |
| 5:34 | Construir | House |
| 6:32 | Crear | Villager (Male) |
| 6:32 | Crear | Villager (Male) |
| 6:32 | Crear | Villager (Male) |
| 6:33 | Crear | Villager (Male) |
| 6:33 | Crear | Villager (Male) |
| 7:19 | Construir | Palisade Wall |
| 7:22 | Construir | Palisade Wall |
| 7:24 | Crear | Villager (Male) |
| 7:26 | Construir | Mining Camp |
| 7:54 | Construir | House |
| 8:11 | Investigar | Feudal Age |
| 8:12 | Investigar | Feudal Age |
| 8:27 | Construir | Palisade Wall |
| 8:28 | Construir | Palisade Wall |
| 9:11 | Construir | Palisade Wall |
| 9:26 | Construir | Palisade Wall |
| 9:35 | Crear | Villager (Male) |
| 9:35 | Crear | Villager (Male) |
| 9:39 | Construir | Mill |
| 10:22 | Edad | Edad Feudal |
| 10:31 | Construir | Stone Wall |
| 10:43 | Construir | Stone Wall |
| 10:48 | Crear | Villager (Male) |
| 11:14 | Construir | House |
| 11:18 | Crear | Villager (Male) |
| 11:33 | Construir | Blacksmith |
| 11:52 | Crear | Villager (Male) |
| 11:52 | Crear | Villager (Male) |
| 12:01 | Construir | Stone Wall |
| 12:10 | Crear | Villager (Male) |
| 12:12 | Crear | Villager (Male) |
| 12:17 | Construir | House |
| 12:22 | Construir | House |
| 12:31 | Crear | Villager (Male) |
| 12:39 | Construir | Stone Wall |
| 13:01 | Crear | Villager (Male) |
| 13:15 | Construir | Watch Tower |
| 13:54 | Construir | Market |
| 14:35 | Investigar | Castle Age |
| 14:47 | Construir | Watch Tower |
| 14:54 | Construir | Watch Tower |
| 15:08 | Construir | House |
| 15:09 | Construir | House |
| 15:18 | Investigar | Double-Bit Axe |
| 15:18 | Investigar | Double-Bit Axe |
| 15:35 | Construir | Farm |
| 15:36 | Construir | Farm |
| 15:37 | Construir | Farm |
| 15:38 | Construir | Farm |
| 16:00 | Construir | Stone Wall |
| 16:12 | Construir | House |
| 16:32 | Construir | Stone Wall |
| 16:35 | Construir | Stone Wall |
| 16:49 | Construir | Mining Camp |
| 17:15 | Edad | Edad de los Castillos |
| 17:18 | Construir | Siege Workshop |
| 17:40 | Construir | Castle |
| 17:57 | Crear | Mangonel |
| 17:58 | Crear | Villager (Male) |
| 17:58 | Crear | Villager (Male) |
| 18:29 | Crear | Villager (Male) |
| 18:48 | Crear | Villager (Male) |
| 19:10 | Crear | Villager (Male) |
| 19:10 | Crear | Villager (Male) |
| 19:16 | Construir | Farm |
| 19:17 | Construir | Farm |
| 19:18 | Construir | Farm |
| 19:19 | Construir | Farm |
| 19:20 | Construir | Farm |
| 19:21 | Construir | Farm |
| 19:26 | Construir | Outpost |
| 19:29 | Construir | House |
| 19:30 | Construir | House |
| 19:32 | Crear | Villager (Male) |
| 19:33 | Crear | Villager (Male) |
| 20:02 | Crear | Villager (Male) |
| 20:27 | Construir | Farm |
| 20:29 | Construir | Farm |
| 20:39 | Investigar | Bow Saw |
| 20:46 | Construir | Farm |
| 20:47 | Construir | Farm |
| 20:48 | Construir | Farm |
| 20:56 | Construir | Farm |
| 20:58 | Crear | Villager (Male) |
| 21:06 | Construir | House |
| 21:07 | Construir | House |
| 21:10 | Crear | Villager (Male) |
| 21:30 | Crear | Villager (Male) |
| 21:39 | Construir | House |
| 21:56 | Crear | Villager (Male) |
| 22:15 | Construir | Town Center |
| 22:30 | Crear | Villager (Male) |
| 22:33 | Investigar | Horse Collar |
| 22:33 | Investigar | Horse Collar |
| 22:44 | Investigar | Heavy Plow |
| 22:44 | Investigar | Heavy Plow |
| 22:57 | Investigar | Wheelbarrow |
| 23:25 | Crear | Villager (Male) |
| 23:44 | Construir | Town Center |
| 23:58 | Crear | Villager (Male) |
| 24:01 | Crear | Villager (Male) |
| 24:01 | Crear | Villager (Male) |
| 24:26 | Crear | Villager (Male) |
| 24:40 | Crear | Villager (Male) |
| 24:42 | Construir | Farm |
| 24:43 | Construir | Farm |
| 24:47 | Construir | Farm |
| 24:53 | Crear | Villager (Male) |
| 24:56 | Crear | Villager (Male) |
| 24:57 | Crear | Villager (Male) |
| 25:17 | Construir | House |
| 25:19 | Construir | House |
| 25:21 | Crear | Villager (Male) |
| 25:22 | Crear | Villager (Male) |
| 25:22 | Crear | Villager (Male) |
| 25:22 | Crear | Villager (Male) |
| 25:23 | Crear | Villager (Male) |
| 25:45 | Construir | Town Center |
| 25:52 | Crear | Villager (Male) |
| 25:52 | Crear | Villager (Male) |
Build order — mitrokhin
Primeras 150 de 463 acciones detectadas
| 0:03 | Crear | Villager (Male) |
| 0:03 | Crear | Villager (Male) |
| 0:03 | Crear | Villager (Male) |
| 0:04 | Crear | Villager (Male) |
| 0:05 | Construir | House |
| 0:06 | Construir | House |
| 1:27 | Crear | Villager (Male) |
| 1:27 | Crear | Villager (Male) |
| 1:29 | Construir | Lumber Camp |
| 2:06 | Crear | Villager (Male) |
| 2:06 | Crear | Villager (Male) |
| 2:27 | Crear | Villager (Male) |
| 2:27 | Crear | Villager (Male) |
| 2:54 | Crear | Villager (Male) |
| 2:54 | Crear | Villager (Male) |
| 3:21 | Crear | Villager (Male) |
| 3:21 | Crear | Villager (Male) |
| 3:40 | Crear | Villager (Male) |
| 3:40 | Crear | Villager (Male) |
| 3:46 | Construir | House |
| 4:01 | Construir | Dock |
| 4:06 | Crear | Villager (Male) |
| 4:34 | Crear | Villager (Male) |
| 4:54 | Crear | Fishing Ship |
| 4:59 | Crear | Villager (Male) |
| 5:25 | Crear | Villager (Male) |
| 5:30 | Construir | House |
| 5:41 | Crear | Fishing Ship |
| 5:55 | Crear | Villager (Male) |
| 6:00 | Construir | House |
| 6:11 | Crear | Villager (Male) |
| 6:29 | Crear | Fishing Ship |
| 6:53 | Construir | House |
| 7:04 | Crear | Villager (Male) |
| 7:12 | Crear | Villager (Male) |
| 7:13 | Crear | Fishing Ship |
| 7:27 | Crear | Villager (Male) |
| 7:42 | Construir | House |
| 7:52 | Crear | Fishing Ship |
| 7:53 | Crear | Villager (Male) |
| 8:13 | Crear | Fishing Ship |
| 8:19 | Crear | Villager (Male) |
| 8:46 | Construir | Lumber Camp |
| 8:56 | Crear | Villager (Male) |
| 9:22 | Construir | Mill |
| 9:26 | Construir | Mining Camp |
| 9:52 | Investigar | Feudal Age |
| 9:52 | Investigar | Feudal Age |
| 10:01 | Construir | Dock |
| 10:10 | Construir | House |
| 10:11 | Construir | House |
| 10:32 | Crear | Fishing Ship |
| 10:32 | Crear | Fishing Ship |
| 10:48 | Crear | Villager (Male) |
| 11:10 | Edad | Edad Feudal |
| 11:15 | Construir | Fish Trap |
| 11:18 | Construir | Fish Trap |
| 11:30 | Construir | Fish Trap |
| 11:34 | Crear | Villager (Male) |
| 11:36 | Investigar | Double-Bit Axe |
| 11:46 | Construir | House |
| 11:49 | Investigar | Tech 906 |
| 11:51 | Construir | Fish Trap |
| 11:57 | Construir | Fish Trap |
| 12:02 | Crear | Villager (Male) |
| 12:06 | Construir | Dock |
| 12:27 | Construir | Fish Trap |
| 12:31 | Crear | Villager (Male) |
| 12:36 | Construir | Fish Trap |
| 12:51 | Crear | Villager (Male) |
| 12:59 | Construir | Fish Trap |
| 13:02 | Crear | Fishing Ship |
| 13:13 | Construir | House |
| 13:26 | Crear | Villager (Male) |
| 13:26 | Crear | Villager (Male) |
| 13:29 | Construir | Market |
| 13:50 | Construir | Fish Trap |
| 13:55 | Crear | Villager (Male) |
| 13:57 | Crear | Fishing Ship |
| 14:12 | Crear | Fishing Ship |
| 14:31 | Crear | Fishing Ship |
| 14:36 | Crear | Villager (Male) |
| 14:39 | Construir | Blacksmith |
| 14:44 | Construir | Fish Trap |
| 15:10 | Crear | Villager (Male) |
| 15:15 | Construir | Fish Trap |
| 15:21 | Construir | Fish Trap |
| 15:29 | Crear | Fishing Ship |
| 15:29 | Crear | Fishing Ship |
| 15:32 | Investigar | Castle Age |
| 15:33 | Investigar | Castle Age |
| 16:12 | Construir | Fish Trap |
| 16:26 | Construir | Fish Trap |
| 16:32 | Crear | Fishing Ship |
| 16:32 | Crear | Fishing Ship |
| 16:39 | Construir | House |
| 16:40 | Construir | House |
| 16:46 | Crear | Villager (Male) |
| 17:11 | Edad | Edad de los Castillos |
| 17:13 | Construir | Town Center |
| 17:15 | Investigar | Bow Saw |
| 17:18 | Construir | Fish Trap |
| 17:28 | Construir | Fish Trap |
| 17:46 | Construir | Town Center |
| 17:48 | Crear | Villager (Male) |
| 17:49 | Investigar | Gillnets |
| 17:51 | Investigar | Wheelbarrow |
| 18:11 | Crear | Villager (Male) |
| 18:20 | Crear | Villager (Male) |
| 18:22 | Investigar | Loom |
| 18:39 | Investigar | Horse Collar |
| 18:40 | Investigar | Gold Mining |
| 18:46 | Crear | Villager (Male) |
| 18:51 | Construir | Town Center |
| 19:05 | Crear | Villager (Male) |
| 19:16 | Crear | Villager (Male) |
| 19:16 | Crear | Villager (Male) |
| 19:18 | Investigar | Hand Cart |
| 19:21 | Construir | House |
| 19:21 | Construir | House |
| 19:22 | Construir | House |
| 19:34 | Construir | Farm |
| 19:35 | Construir | Farm |
| 19:39 | Construir | Farm |
| 19:40 | Construir | Farm |
| 19:43 | Crear | Villager (Male) |
| 19:43 | Crear | Villager (Male) |
| 19:43 | Crear | Villager (Male) |
| 19:47 | Crear | Villager (Male) |
| 19:48 | Crear | Villager (Male) |
| 19:53 | Crear | Villager (Male) |
| 19:55 | Construir | Lumber Camp |
| 19:57 | Crear | Villager (Male) |
| 20:01 | Crear | Villager (Male) |
| 20:02 | Crear | Villager (Male) |
| 20:03 | Construir | Farm |
| 20:06 | Crear | Villager (Male) |
| 20:09 | Crear | Villager (Male) |
| 20:11 | Construir | Farm |
| 20:22 | Crear | Villager (Male) |
| 20:23 | Crear | Villager (Male) |
| 20:32 | Construir | Siege Workshop |
| 20:34 | Crear | Villager (Male) |
| 20:38 | Construir | Farm |
| 20:40 | Crear | Villager (Male) |
| 20:41 | Crear | Villager (Male) |
| 20:44 | Crear | Villager (Male) |
| 20:49 | Crear | Villager (Male) |
| 21:04 | Crear | Villager (Male) |
| 21:04 | Crear | Villager (Male) |
Build order — RVN_EcoTyrant
Primeras 150 de 421 acciones detectadas
| 0:04 | Crear | Villager (Male) |
| 0:04 | Crear | Villager (Male) |
| 0:04 | Crear | Villager (Male) |
| 0:06 | Construir | House |
| 0:08 | Construir | House |
| 0:21 | Crear | Villager (Male) |
| 1:29 | Crear | Villager (Male) |
| 1:49 | Construir | Lumber Camp |
| 2:04 | Crear | Villager (Male) |
| 2:05 | Crear | Villager (Male) |
| 2:20 | Crear | Villager (Male) |
| 2:20 | Crear | Villager (Male) |
| 2:38 | Crear | Villager (Male) |
| 2:57 | Crear | Villager (Male) |
| 2:57 | Crear | Villager (Male) |
| 3:12 | Crear | Villager (Male) |
| 3:27 | Construir | House |
| 3:59 | Construir | Mill |
| 4:06 | Crear | Villager (Male) |
| 4:29 | Crear | Villager (Male) |
| 4:30 | Crear | Villager (Male) |
| 4:54 | Construir | House |
| 4:57 | Construir | House |
| 5:03 | Crear | Villager (Male) |
| 5:39 | Crear | Villager (Male) |
| 5:40 | Crear | Villager (Male) |
| 5:40 | Crear | Villager (Male) |
| 5:40 | Crear | Villager (Male) |
| 5:53 | Construir | Farm |
| 6:07 | Construir | Farm |
| 6:10 | Crear | Villager (Male) |
| 6:35 | Construir | Farm |
| 7:28 | Crear | Villager (Male) |
| 7:29 | Crear | Villager (Male) |
| 7:45 | Construir | Mining Camp |
| 7:58 | Investigar | Feudal Age |
| 10:34 | Edad | Edad Feudal |
| 10:35 | Investigar | Castle Age |
| 10:35 | Investigar | Castle Age |
| 10:53 | Investigar | Double-Bit Axe |
| 11:37 | Investigar | Horse Collar |
| 12:42 | Construir | House |
| 13:12 | Crear | Villager (Male) |
| 13:15 | Edad | Edad de los Castillos |
| 13:17 | Construir | Town Center |
| 13:24 | Investigar | Bow Saw |
| 13:29 | Construir | Town Center |
| 13:31 | Crear | Villager (Male) |
| 13:51 | Crear | Villager (Male) |
| 14:04 | Investigar | Heavy Plow |
| 14:07 | Crear | Villager (Male) |
| 14:38 | Crear | Villager (Male) |
| 14:52 | Crear | Villager (Male) |
| 14:52 | Crear | Villager (Male) |
| 14:56 | Construir | Farm |
| 15:00 | Construir | Farm |
| 15:06 | Crear | Villager (Male) |
| 15:06 | Crear | Villager (Male) |
| 15:07 | Crear | Villager (Male) |
| 15:16 | Construir | Farm |
| 15:20 | Crear | Villager (Male) |
| 15:20 | Crear | Villager (Male) |
| 15:24 | Construir | Farm |
| 15:29 | Crear | Villager (Male) |
| 15:30 | Crear | Villager (Male) |
| 15:33 | Construir | House |
| 15:37 | Construir | House |
| 15:43 | Construir | Farm |
| 15:50 | Construir | Farm |
| 15:54 | Construir | Farm |
| 15:55 | Crear | Villager (Male) |
| 15:55 | Crear | Villager (Male) |
| 15:55 | Crear | Villager (Male) |
| 16:01 | Construir | Farm |
| 16:01 | Construir | Farm |
| 16:03 | Crear | Villager (Male) |
| 16:03 | Crear | Villager (Male) |
| 16:14 | Construir | Farm |
| 16:15 | Construir | Farm |
| 16:15 | Construir | Farm |
| 16:15 | Construir | Farm |
| 16:16 | Crear | Villager (Male) |
| 16:29 | Crear | Villager (Male) |
| 16:30 | Crear | Villager (Male) |
| 16:39 | Construir | Stable |
| 16:39 | Crear | Villager (Male) |
| 16:47 | Crear | Villager (Male) |
| 16:47 | Crear | Villager (Male) |
| 16:55 | Crear | Villager (Male) |
| 16:55 | Crear | Villager (Male) |
| 17:02 | Construir | Farm |
| 17:03 | Construir | Farm |
| 17:04 | Crear | Villager (Male) |
| 17:11 | Construir | Farm |
| 17:15 | Crear | Villager (Male) |
| 17:18 | Crear | Villager (Male) |
| 17:27 | Construir | Stable |
| 17:29 | Crear | Villager (Male) |
| 17:35 | Construir | House |
| 17:38 | Crear | Villager (Male) |
| 17:48 | Crear | Villager (Male) |
| 17:58 | Crear | Villager (Male) |
| 17:58 | Crear | Villager (Male) |
| 18:10 | Construir | Farm |
| 18:10 | Construir | Farm |
| 18:11 | Construir | Farm |
| 18:11 | Construir | Farm |
| 18:11 | Construir | Farm |
| 18:11 | Construir | Farm |
| 18:12 | Construir | Farm |
| 18:15 | Crear | Knight |
| 18:25 | Crear | Knight |
| 18:29 | Crear | Villager (Male) |
| 18:30 | Crear | Villager (Male) |
| 18:33 | Construir | Monastery |
| 18:34 | Crear | Villager (Male) |
| 18:37 | Crear | Villager (Male) |
| 18:38 | Crear | Villager (Male) |
| 19:02 | Construir | House |
| 19:10 | Construir | House |
| 19:11 | Construir | House |
| 19:15 | Construir | Farm |
| 19:16 | Construir | Farm |
| 19:20 | Crear | Monk |
| 19:23 | Crear | Villager (Male) |
| 19:27 | Construir | House |
| 19:28 | Investigar | Wheelbarrow |
| 19:30 | Crear | Villager (Male) |
| 19:31 | Crear | Villager (Male) |
| 19:35 | Construir | Farm |
| 19:36 | Construir | Farm |
| 19:36 | Construir | Farm |
| 19:36 | Construir | Farm |
| 19:41 | Crear | Villager (Male) |
| 19:49 | Crear | Villager (Male) |
| 19:55 | Construir | House |
| 20:00 | Crear | Villager (Male) |
| 20:14 | Construir | Town Center |
| 20:14 | Crear | Villager (Male) |
| 20:29 | Construir | House |
| 20:29 | Construir | House |
| 20:33 | Crear | Villager (Male) |
| 20:34 | Construir | Farm |
| 20:37 | Construir | Farm |
| 20:44 | Crear | Villager (Male) |
| 20:47 | Crear | Villager (Male) |
| 20:56 | Crear | Villager (Male) |
| 20:58 | Crear | Villager (Male) |
| 21:04 | Construir | Farm |
| 21:06 | Construir | Farm |
Build order — chengaopeng044
Primeras 150 de 441 acciones detectadas
| 0:02 | Crear | Villager (Male) |
| 0:04 | Construir | House |
| 0:12 | Investigar | Loom |
| 0:12 | Crear | Villager (Male) |
| 0:12 | Crear | Villager (Male) |
| 0:13 | Crear | Villager (Male) |
| 0:13 | Crear | Villager (Male) |
| 0:13 | Crear | Villager (Male) |
| 1:04 | Construir | House |
| 1:21 | Construir | Palisade Wall |
| 1:40 | Construir | House |
| 1:41 | Construir | House |
| 2:09 | Crear | Villager (Male) |
| 2:09 | Crear | Villager (Male) |
| 2:43 | Crear | Villager (Male) |
| 2:43 | Crear | Villager (Male) |
| 3:01 | Crear | Villager (Male) |
| 3:01 | Crear | Villager (Male) |
| 3:33 | Crear | Villager (Male) |
| 3:33 | Crear | Villager (Male) |
| 3:33 | Crear | Villager (Male) |
| 4:05 | Crear | Villager (Male) |
| 4:37 | Construir | Lumber Camp |
| 4:56 | Crear | Villager (Male) |
| 4:56 | Crear | Villager (Male) |
| 5:00 | Construir | Mill |
| 5:16 | Crear | Villager (Male) |
| 5:16 | Crear | Villager (Male) |
| 5:37 | Crear | Villager (Male) |
| 5:37 | Crear | Villager (Male) |
| 5:38 | Crear | Villager (Male) |
| 6:43 | Crear | Villager (Male) |
| 6:44 | Crear | Villager (Male) |
| 6:44 | Crear | Villager (Male) |
| 6:44 | Crear | Villager (Male) |
| 7:20 | Crear | Villager (Male) |
| 7:20 | Crear | Villager (Male) |
| 7:20 | Crear | Villager (Male) |
| 7:20 | Crear | Villager (Male) |
| 8:00 | Crear | Villager (Male) |
| 8:00 | Crear | Villager (Male) |
| 8:09 | Crear | Villager (Male) |
| 8:09 | Crear | Villager (Male) |
| 8:10 | Crear | Villager (Male) |
| 8:31 | Crear | Villager (Male) |
| 8:31 | Crear | Villager (Male) |
| 8:44 | Construir | Mining Camp |
| 9:27 | Investigar | Feudal Age |
| 9:27 | Investigar | Feudal Age |
| 10:15 | Construir | Farm |
| 10:16 | Construir | Barracks |
| 11:34 | Edad | Edad Feudal |
| 11:35 | Construir | Stable |
| 11:55 | Construir | Blacksmith |
| 12:33 | Investigar | Castle Age |
| 12:34 | Investigar | Castle Age |
| 13:02 | Investigar | Double-Bit Axe |
| 13:02 | Investigar | Double-Bit Axe |
| 13:41 | Investigar | Bloodlines |
| 13:41 | Investigar | Bloodlines |
| 14:19 | Construir | House |
| 14:22 | Construir | Farm |
| 14:24 | Construir | Farm |
| 14:26 | Construir | Farm |
| 14:28 | Construir | Farm |
| 14:57 | Investigar | Wheelbarrow |
| 14:58 | Investigar | Wheelbarrow |
| 14:59 | Edad | Edad de los Castillos |
| 15:01 | Construir | Monastery |
| 15:02 | Crear | Knight |
| 15:02 | Crear | Knight |
| 15:08 | Crear | Villager (Male) |
| 15:20 | Crear | Knight |
| 15:24 | Construir | House |
| 15:37 | Crear | Monk |
| 15:47 | Construir | Siege Workshop |
| 15:49 | Crear | Villager (Male) |
| 15:49 | Crear | Villager (Male) |
| 16:10 | Crear | Monk |
| 16:10 | Crear | Monk |
| 16:13 | Construir | House |
| 16:39 | Crear | Battering Ram |
| 16:40 | Crear | Battering Ram |
| 16:50 | Crear | Villager (Male) |
| 16:50 | Crear | Villager (Male) |
| 17:06 | Crear | Battering Ram |
| 17:07 | Crear | Battering Ram |
| 17:15 | Crear | Villager (Male) |
| 17:36 | Crear | Villager (Male) |
| 17:36 | Crear | Villager (Male) |
| 17:36 | Crear | Villager (Male) |
| 17:37 | Crear | Villager (Male) |
| 17:37 | Crear | Villager (Male) |
| 17:46 | Construir | Farm |
| 17:48 | Construir | Farm |
| 17:57 | Crear | Scorpion |
| 17:57 | Crear | Scorpion |
| 18:16 | Crear | Villager (Male) |
| 18:19 | Construir | House |
| 18:21 | Crear | Monk |
| 18:21 | Crear | Monk |
| 18:36 | Construir | Farm |
| 18:38 | Construir | Farm |
| 18:55 | Construir | Farm |
| 18:59 | Construir | House |
| 19:23 | Construir | Lumber Camp |
| 19:38 | Construir | House |
| 19:39 | Crear | Knight |
| 19:40 | Crear | Knight |
| 19:40 | Crear | Knight |
| 19:40 | Crear | Knight |
| 20:04 | Construir | House |
| 20:12 | Investigar | Forging |
| 20:12 | Investigar | Forging |
| 20:13 | Crear | Villager (Male) |
| 20:13 | Crear | Villager (Male) |
| 20:15 | Construir | Farm |
| 20:16 | Construir | Farm |
| 20:44 | Investigar | Bow Saw |
| 20:44 | Investigar | Bow Saw |
| 21:06 | Crear | Villager (Male) |
| 21:06 | Crear | Villager (Male) |
| 21:09 | Construir | Farm |
| 21:18 | Construir | Market |
| 21:39 | Construir | Lumber Camp |
| 21:46 | Crear | Villager (Male) |
| 21:46 | Crear | Villager (Male) |
| 22:05 | Construir | House |
| 22:06 | Construir | House |
| 22:06 | Construir | House |
| 22:06 | Construir | House |
| 22:07 | Construir | House |
| 22:07 | Construir | House |
| 22:23 | Construir | Town Center |
| 22:31 | Crear | Villager (Male) |
| 22:31 | Crear | Villager (Male) |
| 22:41 | Investigar | Horse Collar |
| 22:42 | Investigar | Horse Collar |
| 22:52 | Construir | Town Center |
| 22:57 | Construir | Farm |
| 23:09 | Investigar | Fervor |
| 23:09 | Investigar | Fervor |
| 23:15 | Crear | Villager (Male) |
| 23:25 | Crear | Villager (Male) |
| 23:27 | Construir | Farm |
| 23:36 | Crear | Villager (Male) |
| 23:37 | Crear | Villager (Male) |
| 23:37 | Crear | Villager (Male) |
| 23:37 | Crear | Villager (Male) |
| 23:38 | Crear | Villager (Male) |
Build order — Issue
Primeras 150 de 619 acciones detectadas
| 0:01 | Crear | Villager (Male) |
| 0:01 | Crear | Villager (Male) |
| 0:03 | Construir | House |
| 0:05 | Construir | House |
| 0:18 | Crear | Villager (Male) |
| 0:18 | Crear | Villager (Male) |
| 1:26 | Crear | Villager (Male) |
| 1:55 | Construir | Lumber Camp |
| 2:05 | Crear | Villager (Male) |
| 2:19 | Crear | Villager (Male) |
| 2:48 | Crear | Villager (Male) |
| 3:03 | Crear | Villager (Male) |
| 3:36 | Crear | Villager (Male) |
| 3:49 | Construir | House |
| 3:59 | Crear | Villager (Male) |
| 4:27 | Construir | Dock |
| 4:34 | Crear | Villager (Male) |
| 4:39 | Construir | House |
| 4:59 | Crear | Villager (Male) |
| 5:14 | Crear | Fishing Ship |
| 5:20 | Crear | Villager (Male) |
| 5:20 | Crear | Villager (Male) |
| 5:43 | Crear | Villager (Male) |
| 5:52 | Crear | Fishing Ship |
| 5:58 | Construir | House |
| 6:17 | Crear | Villager (Male) |
| 6:17 | Crear | Villager (Male) |
| 6:38 | Crear | Fishing Ship |
| 6:56 | Crear | Villager (Male) |
| 7:23 | Construir | Mill |
| 7:28 | Crear | Villager (Male) |
| 7:48 | Crear | Villager (Male) |
| 8:18 | Construir | Mining Camp |
| 8:42 | Crear | Villager (Male) |
| 9:02 | Investigar | Feudal Age |
| 9:41 | Crear | Fishing Ship |
| 10:44 | Construir | House |
| 11:11 | Crear | Villager (Male) |
| 11:17 | Edad | Edad Feudal |
| 11:19 | Construir | Market |
| 11:21 | Construir | Blacksmith |
| 11:37 | Crear | Villager (Male) |
| 12:06 | Investigar | Double-Bit Axe |
| 12:07 | Investigar | Castle Age |
| 12:42 | Construir | House |
| 13:54 | Construir | House |
| 14:31 | Crear | Villager (Male) |
| 14:41 | Crear | Villager (Male) |
| 14:47 | Edad | Edad de los Castillos |
| 14:50 | Construir | Siege Workshop |
| 14:58 | Construir | Town Center |
| 15:02 | Crear | Villager (Male) |
| 15:06 | Construir | Town Center |
| 15:10 | Investigar | Bow Saw |
| 15:29 | Crear | Villager (Male) |
| 15:35 | Crear | Battering Ram |
| 15:38 | Construir | House |
| 15:54 | Crear | Villager (Male) |
| 16:01 | Construir | Fish Trap |
| 16:02 | Crear | Villager (Male) |
| 16:06 | Crear | Villager (Male) |
| 16:20 | Crear | Villager (Male) |
| 16:23 | Crear | Mangonel |
| 16:30 | Crear | Villager (Male) |
| 16:39 | Construir | Fish Trap |
| 16:45 | Crear | Villager (Male) |
| 16:45 | Crear | Villager (Male) |
| 16:45 | Crear | Villager (Male) |
| 16:46 | Crear | Villager (Male) |
| 16:46 | Crear | Villager (Male) |
| 16:50 | Construir | Fish Trap |
| 16:55 | Construir | House |
| 17:30 | Crear | Villager (Male) |
| 17:54 | Crear | Villager (Male) |
| 17:59 | Construir | Fish Trap |
| 18:02 | Crear | Villager (Male) |
| 18:03 | Crear | Villager (Male) |
| 18:03 | Crear | Villager (Male) |
| 18:16 | Construir | Dock |
| 18:21 | Construir | Dock |
| 18:25 | Crear | Villager (Male) |
| 18:30 | Construir | Dock |
| 18:31 | Construir | House |
| 18:33 | Crear | Villager (Male) |
| 18:33 | Crear | Villager (Male) |
| 18:38 | Crear | Villager (Male) |
| 18:38 | Crear | Villager (Male) |
| 18:55 | Construir | House |
| 18:56 | Construir | House |
| 19:10 | Construir | House |
| 19:12 | Crear | Villager (Male) |
| 19:18 | Investigar | Horse Collar |
| 19:19 | Crear | Villager (Male) |
| 19:23 | Crear | Villager (Male) |
| 19:23 | Crear | Villager (Male) |
| 19:24 | Crear | Villager (Male) |
| 19:28 | Crear | Fishing Ship |
| 19:28 | Crear | Fishing Ship |
| 19:29 | Crear | Fishing Ship |
| 19:33 | Construir | House |
| 19:33 | Construir | House |
| 19:42 | Crear | Villager (Male) |
| 19:52 | Investigar | Heavy Plow |
| 19:53 | Crear | Villager (Male) |
| 19:57 | Crear | Fishing Ship |
| 19:57 | Crear | Fishing Ship |
| 19:58 | Crear | Fishing Ship |
| 20:15 | Construir | Fish Trap |
| 20:21 | Construir | Fish Trap |
| 20:27 | Construir | Fish Trap |
| 20:28 | Crear | Villager (Male) |
| 20:28 | Crear | Villager (Male) |
| 20:32 | Crear | Fishing Ship |
| 20:32 | Crear | Fishing Ship |
| 20:33 | Crear | Fishing Ship |
| 20:33 | Crear | Villager (Male) |
| 20:33 | Crear | Villager (Male) |
| 20:36 | Construir | Farm |
| 20:36 | Construir | Farm |
| 20:36 | Construir | Farm |
| 20:37 | Construir | Farm |
| 20:37 | Construir | Farm |
| 20:37 | Construir | Farm |
| 20:37 | Construir | Farm |
| 20:38 | Construir | Farm |
| 20:38 | Construir | Farm |
| 20:38 | Construir | Farm |
| 20:49 | Crear | Villager (Male) |
| 20:49 | Crear | Villager (Male) |
| 21:01 | Construir | Fish Trap |
| 21:06 | Construir | Fish Trap |
| 21:11 | Crear | Villager (Male) |
| 21:11 | Crear | Villager (Male) |
| 21:12 | Crear | Villager (Male) |
| 21:12 | Crear | Villager (Male) |
| 21:20 | Construir | Farm |
| 21:21 | Construir | Farm |
| 21:23 | Construir | Mill |
| 21:24 | Construir | Farm |
| 21:25 | Construir | Farm |
| 21:26 | Crear | Villager (Male) |
| 21:32 | Construir | Fish Trap |
| 21:37 | Construir | Fish Trap |
| 21:41 | Construir | House |
| 21:42 | Construir | House |
| 21:44 | Construir | House |
| 21:45 | Construir | House |
| 21:52 | Construir | Fish Trap |
| 21:53 | Crear | Villager (Male) |
| 21:53 | Crear | Villager (Male) |
Build order — Cambo
Primeras 150 de 560 acciones detectadas
| 0:02 | Crear | Villager (Male) |
| 0:02 | Crear | Villager (Male) |
| 0:03 | Construir | House |
| 0:05 | Construir | House |
| 0:25 | Crear | Villager (Male) |
| 0:25 | Crear | Villager (Male) |
| 0:26 | Crear | Villager (Male) |
| 1:25 | Crear | Villager (Male) |
| 1:46 | Construir | Lumber Camp |
| 2:30 | Crear | Villager (Male) |
| 2:30 | Crear | Villager (Male) |
| 2:30 | Crear | Villager (Male) |
| 2:57 | Crear | Villager (Male) |
| 3:20 | Crear | Villager (Male) |
| 3:53 | Construir | House |
| 3:55 | Construir | House |
| 3:59 | Crear | Villager (Male) |
| 4:18 | Construir | Dock |
| 4:24 | Crear | Villager (Male) |
| 4:44 | Crear | Villager (Male) |
| 4:59 | Crear | Fishing Ship |
| 5:14 | Crear | Villager (Male) |
| 5:32 | Crear | Fishing Ship |
| 5:49 | Crear | Villager (Male) |
| 6:01 | Crear | Fishing Ship |
| 6:14 | Crear | Villager (Male) |
| 6:25 | Crear | Fishing Ship |
| 6:37 | Crear | Villager (Male) |
| 6:54 | Crear | Villager (Male) |
| 7:10 | Construir | Mill |
| 7:19 | Crear | Villager (Male) |
| 7:29 | Construir | House |
| 7:44 | Crear | Fishing Ship |
| 8:12 | Crear | Villager (Male) |
| 8:15 | Crear | Villager (Male) |
| 8:29 | Crear | Villager (Male) |
| 8:46 | Construir | Mill |
| 8:58 | Construir | House |
| 9:05 | Crear | Villager (Male) |
| 9:41 | Crear | Villager (Male) |
| 10:11 | Investigar | Feudal Age |
| 10:34 | Crear | Villager (Male) |
| 10:34 | Crear | Villager (Male) |
| 11:13 | Construir | House |
| 12:19 | Edad | Edad Feudal |
| 12:20 | Construir | Market |
| 12:22 | Construir | Blacksmith |
| 12:37 | Construir | Fish Trap |
| 12:41 | Construir | Fish Trap |
| 13:10 | Investigar | Castle Age |
| 13:36 | Crear | Villager (Male) |
| 13:39 | Construir | Fish Trap |
| 13:56 | Investigar | Double-Bit Axe |
| 14:20 | Construir | Fish Trap |
| 14:35 | Construir | Fish Trap |
| 14:42 | Investigar | Horse Collar |
| 15:09 | Construir | Farm |
| 15:11 | Construir | Farm |
| 15:36 | Edad | Edad de los Castillos |
| 15:44 | Construir | Town Center |
| 15:48 | Crear | Villager (Male) |
| 16:10 | Crear | Villager (Male) |
| 16:27 | Construir | Town Center |
| 16:33 | Crear | Villager (Male) |
| 16:40 | Crear | Villager (Male) |
| 16:44 | Crear | Fishing Ship |
| 16:54 | Construir | Farm |
| 16:57 | Crear | Villager (Male) |
| 17:07 | Crear | Fishing Ship |
| 17:21 | Crear | Villager (Male) |
| 17:21 | Crear | Villager (Male) |
| 17:24 | Construir | Fish Trap |
| 17:28 | Crear | Villager (Male) |
| 17:28 | Crear | Villager (Male) |
| 17:29 | Crear | Villager (Male) |
| 17:35 | Crear | Villager (Male) |
| 17:35 | Crear | Villager (Male) |
| 17:48 | Construir | Farm |
| 17:54 | Construir | Farm |
| 17:55 | Crear | Villager (Male) |
| 17:59 | Construir | Farm |
| 18:02 | Construir | Fish Trap |
| 18:06 | Crear | Villager (Male) |
| 18:06 | Crear | Villager (Male) |
| 18:07 | Construir | Farm |
| 18:10 | Construir | Farm |
| 18:10 | Construir | Farm |
| 18:13 | Crear | Villager (Male) |
| 18:15 | Construir | Farm |
| 18:20 | Construir | Farm |
| 18:21 | Crear | Villager (Male) |
| 18:21 | Crear | Villager (Male) |
| 18:24 | Construir | Farm |
| 18:28 | Crear | Villager (Male) |
| 18:30 | Construir | Farm |
| 18:33 | Crear | Villager (Male) |
| 18:34 | Crear | Villager (Male) |
| 18:38 | Construir | House |
| 18:47 | Investigar | Wheelbarrow |
| 18:50 | Crear | Villager (Male) |
| 18:53 | Construir | Farm |
| 18:57 | Construir | Farm |
| 19:01 | Construir | Farm |
| 19:02 | Crear | Villager (Male) |
| 19:07 | Construir | Farm |
| 19:08 | Construir | Farm |
| 19:12 | Crear | Villager (Male) |
| 19:12 | Crear | Villager (Male) |
| 19:12 | Crear | Villager (Male) |
| 19:18 | Crear | Villager (Male) |
| 19:20 | Construir | Farm |
| 19:23 | Construir | Farm |
| 19:26 | Crear | Villager (Male) |
| 19:28 | Construir | Farm |
| 19:30 | Crear | Villager (Male) |
| 19:30 | Crear | Villager (Male) |
| 19:32 | Construir | Farm |
| 19:39 | Construir | Farm |
| 19:41 | Construir | House |
| 19:46 | Construir | House |
| 19:47 | Construir | House |
| 19:47 | Construir | House |
| 19:47 | Construir | House |
| 19:48 | Construir | House |
| 19:51 | Investigar | Town Watch |
| 19:51 | Investigar | Loom |
| 20:02 | Crear | Villager (Male) |
| 20:06 | Investigar | Bow Saw |
| 20:13 | Crear | Villager (Male) |
| 20:15 | Construir | Farm |
| 20:18 | Crear | Villager (Male) |
| 20:22 | Construir | Farm |
| 20:23 | Construir | Farm |
| 20:27 | Construir | Farm |
| 20:28 | Crear | Villager (Male) |
| 20:28 | Crear | Villager (Male) |
| 20:37 | Crear | Villager (Male) |
| 20:37 | Crear | Villager (Male) |
| 20:37 | Crear | Villager (Male) |
| 20:38 | Crear | Villager (Male) |
| 20:38 | Crear | Villager (Male) |
| 20:42 | Construir | Farm |
| 20:45 | Construir | Farm |
| 20:47 | Crear | Villager (Male) |
| 20:48 | Crear | Villager (Male) |
| 20:51 | Construir | House |
| 20:52 | Construir | House |
| 20:53 | Construir | House |
| 20:55 | Crear | Villager (Male) |
| 20:58 | Construir | Farm |
Cronología de la partida
| 1:21 | chengaopeng044 · wall_segment Palisade Wall x13 |
| 1:29 | kerwin · wall_segment Palisade Wall x10 |
| 1:53 | kerwin · wall_segment Palisade Wall x1 |
| 2:44 | kerwin · wall_segment Palisade Wall x2 |
| 2:46 | kerwin · wall_segment Palisade Wall x7 |
| 3:43 | wxj9966 · wall_segment Palisade Wall x9 |
| 4:01 | mitrokhin · first_building Dock |
| 4:18 | Cambo · first_building Dock |
| 4:27 | Issue · first_building Dock |
| 5:32 | Long John Silver · first_building Barracks |
| 7:19 | kerwin · wall_segment Palisade Wall x8 |
| 7:22 | kerwin · wall_segment Palisade Wall x1 |
| 8:27 | kerwin · wall_segment Palisade Wall x4 |
| 8:28 | kerwin · wall_segment Palisade Wall x1 |
| 8:31 | wxj9966 · first_building Dock |
| 8:53 | Long John Silver · age_up feudal |
| 8:55 | Long John Silver · first_building Archery Range |
| 9:11 | kerwin · wall_segment Palisade Wall x1 |
| 9:26 | kerwin · wall_segment Palisade Wall x1 |
| 10:16 | chengaopeng044 · first_building Barracks |
| 10:22 | kerwin · age_up feudal |
| 10:31 | kerwin · wall_segment Stone Wall x8 |
| 10:34 | RVN_EcoTyrant · age_up feudal |
| 10:43 | kerwin · wall_segment Stone Wall x12 |
| 11:10 | mitrokhin · age_up feudal |
| 11:17 | Issue · age_up feudal |
| 11:34 | chengaopeng044 · age_up feudal |
| 11:35 | chengaopeng044 · first_building Stable |
| 11:36 | Long John Silver · first_building Dock |
| 11:45 | wxj9966 · age_up feudal |
| 12:01 | kerwin · wall_segment Stone Wall x14 |
| 12:09 | wxj9966 · wall_segment Stone Wall x10 |
| 12:19 | Cambo · age_up feudal |
| 12:39 | kerwin · wall_segment Stone Wall x2 |
| 13:08 | Cambo · first_market_sell 100 wood |
| 13:15 | RVN_EcoTyrant · age_up castle |
| 14:34 | kerwin · first_market_sell 100 stone |
| 14:41 | wxj9966 · wall_segment Stone Wall x9 |
| 14:47 | Issue · age_up castle |
| 14:50 | Issue · first_building Siege Workshop |
| 14:59 | chengaopeng044 · age_up castle |
| 15:01 | chengaopeng044 · first_building Monastery |
| 15:36 | Cambo · age_up castle |
| 15:47 | chengaopeng044 · first_building Siege Workshop |
| 15:52 | wxj9966 · first_market_buy 100 wood |
| 16:00 | kerwin · wall_segment Stone Wall x1 |
| 16:14 | wxj9966 · age_up castle |
| 16:30 | wxj9966 · first_building Monastery |
| 16:32 | kerwin · wall_segment Stone Wall x8 |
| 16:35 | kerwin · wall_segment Stone Wall x5 |
| 16:39 | RVN_EcoTyrant · first_building Stable |
| 16:44 | Issue · first_market_buy 100 food |
| 17:11 | mitrokhin · age_up castle |
| 17:15 | kerwin · age_up castle |
| 17:18 | kerwin · first_building Siege Workshop |
| 17:27 | Long John Silver · first_market_buy 100 food |
| 17:37 | wxj9966 · wall_segment Stone Wall x8 |
| 17:40 | kerwin · first_building Castle |
| 18:11 | wxj9966 · first_building Siege Workshop |
| 18:33 | RVN_EcoTyrant · first_building Monastery |
| 18:45 | mitrokhin · first_market_buy 100 stone |
| 19:06 | wxj9966 · wall_segment Stone Wall x10 |
| 19:15 | Issue · first_market_sell 500 wood |
| 19:59 | wxj9966 · wall_segment Stone Wall x9 |
| 20:12 | Long John Silver · age_up castle |
| 20:22 | Long John Silver · first_building Castle |
| 20:32 | mitrokhin · first_building Siege Workshop |
| 21:49 | mitrokhin · first_building Monastery |
| 22:03 | Cambo · first_market_buy 100 stone |
| 22:09 | chengaopeng044 · first_market_buy 100 wood |
| 22:46 | mitrokhin · first_building Barracks |
| 23:18 | Issue · first_building Barracks |
| 23:20 | Long John Silver · first_building Siege Workshop |
| 23:58 | Issue · first_building Monastery |
| 24:01 | mitrokhin · first_building Stable |
| 24:05 | Cambo · first_building Siege Workshop |
| 25:03 | Cambo · first_building Barracks |
| 25:06 | chengaopeng044 · wall_segment Stone Wall x9 |
| 25:28 | mitrokhin · first_building Castle |
| 26:00 | Cambo · first_building Archery Range |
| 26:05 | wxj9966 · first_building Castle |
| 26:10 | Cambo · first_building Stable |
| 26:53 | kerwin · first_building Monastery |
| 27:07 | kerwin · wall_segment Stone Wall x1 |
| 27:12 | kerwin · wall_segment Stone Wall x2 |
| 27:12 | RVN_EcoTyrant · age_up imperial |
| 27:27 | chengaopeng044 · wall_segment Stone Wall x6 |
| 27:28 | RVN_EcoTyrant · first_building Castle |
| 27:32 | mitrokhin · age_up imperial |
| 27:46 | wxj9966 · first_building Barracks |
| 28:10 | Cambo · age_up imperial |
| 28:35 | Long John Silver · age_up imperial |
| 28:49 | Long John Silver · resign |
| 28:53 | wxj9966 · first_building Archery Range |
| 29:12 | wxj9966 · first_building Stable |
| 29:28 | Issue · age_up imperial |
| 29:29 | mitrokhin · first_market_sell 100 wood |
| 31:02 | wxj9966 · age_up imperial |
| 31:11 | Issue · first_building Castle |
| 31:46 | Issue · wall_segment Stone Wall x3 |
| 32:12 | Cambo · first_building Castle |
| 33:07 | chengaopeng044 · first_market_sell 100 stone |
| 34:44 | kerwin · age_up imperial |
| 35:08 | wxj9966 · first_market_sell 100 wood |
| 35:16 | chengaopeng044 · first_building Castle |
| 36:48 | RVN_EcoTyrant · tribute_sent a jugador 1 |
| 36:48 | RVN_EcoTyrant · tribute_sent a jugador 2 |
| 36:48 | RVN_EcoTyrant · tribute_sent a jugador 3 |
| 36:48 | RVN_EcoTyrant · tribute_sent a jugador 5 |
| 36:48 | RVN_EcoTyrant · tribute_sent a jugador 6 |
| 36:48 | RVN_EcoTyrant · tribute_sent a jugador 7 |
| 36:48 | RVN_EcoTyrant · tribute_sent a jugador 8 |
| 39:43 | chengaopeng044 · age_up imperial |
| 40:43 | RVN_EcoTyrant · tribute_sent a jugador 1 |
| 40:43 | RVN_EcoTyrant · tribute_sent a jugador 2 |
| 40:43 | RVN_EcoTyrant · tribute_sent a jugador 3 |
| 40:43 | RVN_EcoTyrant · tribute_sent a jugador 5 |
| 40:43 | RVN_EcoTyrant · tribute_sent a jugador 6 |
| 40:43 | RVN_EcoTyrant · tribute_sent a jugador 7 |
| 40:43 | RVN_EcoTyrant · tribute_sent a jugador 8 |
| 41:26 | chengaopeng044 · first_building Archery Range |
[ ANÁLISIS IA · 1 CRÉDITO ]
¿Qué pasó realmente en esta partida?
Wolo.gg analiza cada decisión: build order, eco, micro, errores típicos por bracket. Análisis personalizado por WhatsApp o Discord en 30 segundos.
Guía civ
Turcos
Perfil
wxj9966